AoeStats
← Owen Waltz

Nomad

510439396Analyzed
2v2 RM · 16h ago on Oct 1, 2026· 33m 49s· 4 players
Game mode
Random Map
Map size
176×176
Population
200
Speed
Normal
Resources
Standard
Victory
Conquest
Starting age
Dark Age
Ending age
Imperial Age
RankedLock teamsTeams togetherTeam positionsShared explorationLock speedFull tech treeHidden civsTurbo modeCheats
Victory
Defeat
🇲🇽 Malay · Mexico
1123
+17
🇲🇽 Khitans · Mexico
1123
+17
🇨🇳 Ethiopians · China
1163
-17
🇨🇴 Persians · Colombia
1136
-17
AlexSk8
4:34 Loom
14:05 Feudal Age
14:34 Double-Bit Axe
19:42 Castle Age
17:49 Fishing Lines
18:45 Horse Collar
20:32 Scale Barding Armor
20:57 Bow Saw
20:53 Heavy Plow
21:18 Husbandry
30:37 Wheelbarrow
30:28 Fletching
30:49 Forging
34:58 Imperial Age
33:53 Thalassocracy
Owen Waltz
5:51 Loom
13:59 Feudal Age
17:18 Forging
17:15 Scale Barding Armor
21:04 Man-at-Arms
24:14 Scale Mail Armor
25:45 Arson
28:33 Castle Age
AG ALEXKNG1
13:14 Feudal Age
12:50 Loom
14:11 Double-Bit Axe
16:24 Horse Collar
21:42 Castle Age
24:22 Wheelbarrow
23:28 Horse Collar
24:00 Bow Saw
猪队友怕不怕
5:30 Loom
14:27 Feudal Age
15:00 Double-Bit Axe
21:41 Castle Age
20:14 Horse Collar
20:59 Scale Mail Armor
21:32 Stone Mining
22:13 Gold Mining
23:31 Bow Saw
25:41 Royal Heirs
Connection lost

Rejoining the realm…

Still unreachable

The connection could not be restored.

Session expired

The server has moved on; the page needs a fresh start.